 Dungeon Crawl Stone Soup version 0.21-a0-522-ga8338f0 (webtiles) character file.

518 dvd the Insei (level 7, -3/43 HPs)
             Began as an Octopode Transmuter on Dec 6, 2017.
             Splashed by a jelly's acid (8 damage)
             ... on level 4 of the Dungeon.
             The game lasted 00:08:56 (5484 turns).

dvd the Insei (Octopode Transmuter)                 Turns: 5484, Time: 00:08:58

Health: -3/43      AC: -2    Str: 11    XL:     7   Next: 21%
Magic:  9/11       EV: 21    Int: 16    God:
Gold:   191        SH:  0    Dex: 17    Spells: 3/11 levels left

rFire    . . .     SeeInvis .     - Unarmed
rCold    . . .     Gourm    .   (shield currently unavailable)
rNeg     . . .     Faith    .   (helmet currently unavailable)
rPois    x         Spirit   .   (no amulet)
rElec    .         Reflect  .   h - ring of stealth (curse)
rCorr    .         Harm     .   (no ring)
MR       .....                  (no ring)
Stlth    ++++......             (no ring)
HPRegen  0.14/turn              (no ring)
MPRegen  0.12/turn              (no ring)
                                (no ring)
                                (no ring)

@: spider-form, corroded
A: tiny, almost no armour, stealthy swim, (amphibious), 8 rings, (constrict 8)
a: End Transformation


You were on level 4 of the Dungeon.
You were not hungry.
You were a venomous arachnid creature.
You visited 1 branch of the dungeon, and saw 5 of its levels.

You collected 191 gold pieces.

Inventory:

Hand Weapons
 j - a +0 dagger of venom (melded)
 r - a +0 mace of holy wrath
 s - a +4 quarterstaff of chaos
 t - a +0 mace of crushing
Missiles
 a - 69 arrows
 m - 4 tomahawks (quivered)
Jewellery
 h - a cursed ring of stealth (left front leg)
Scrolls
 d - a scroll of enchant armour {unknown}
 e - 2 scrolls of identify {unknown}
 l - 2 scrolls of remove curse {unknown}
 n - 3 scrolls of teleportation {unknown}
 u - a scroll of noise {unknown}
 w - a scroll of enchant weapon {unknown}
Potions
 i - a potion of agility {unknown}
 k - 2 potions of haste {unknown}
 o - a potion of mutation {unknown}
 p - a potion of lignification {unknown}
 q - a potion of curing {unknown}
Books
 b - a book of Changes

   Spells                             Type                      Level
   a - Beastly Appendage              Transmutation                1
   b - Sticks to Snakes               Transmutation                2
   c - Spider Form                    Transmutation/Poison         3
   d - Ice Form                       Ice/Transmutation            4
   e - Blade Hands                    Transmutation                5
Comestibles
 c - 3 bread rations
 f - a meat ration
 g - a royal jelly


   Skills:
 + Level 1.6 Fighting
 + Level 2.7 Short Blades
 + Level 0.7 Throwing
 + Level 3.3 Dodging
 + Level 3.6 Stealth
 + Level 4.2 Unarmed Combat
 + Level 2.8 Spellcasting
 + Level 3.6 Transmutations
 + Level 0.7 Poison Magic


You had 3 spell levels left.
You knew the following spells:

 Your Spells              Type           Power        Failure   Level  Hunger
a - Beastly Appendage     Tmut           ##....       13%         1    #......
b - Spider Form           Tmut/Pois      #.........   43%         3    ###....
c - Ice Form              Ice/Tmut       #.......     83%         4    #####..


Dungeon Overview and Level Annotations

Branches:
Dungeon (5/15)
 Temple: D:4-7

Altars:
Hepliaklqana
Xom
The Shining One


Innate Abilities, Weirdness & Mutations

You cannot wear most types of armour.
You are very stealthy in the water. (Stealth+)
((You are amphibious.))
You can wear up to eight rings at the same time.
((You can use your tentacles to constrict eight enemies at once.))
((Your skin changes colour to match your surroundings (Stealth+).))
((Your rubbery body absorbs attacks. (AC +1, EV +1)))


Message History

Your +0 dagger of venom melds into your body.
Your +0 dagger of venom stops dripping with poison.
The jelly completely misses you. The hound bites you. The jelly misses you.
The hound misses you.
You hit the jelly but do no damage.
The jelly is poisoned.
Your front legs burn!
The jelly misses you. The hound barely misses you.
A worker ant comes into view.
The jelly hits you.
You are splashed with acid!
The acid burns!
* * * LOW HITPOINT WARNING * * *
The adder closely misses you.
The jelly looks more healthy.
The adder completely misses you.
There is a stone staircase leading up here.
The jelly completely misses you. The adder misses you.
You climb upwards.
There is a stone staircase leading down here.
Unknown command.
The jelly hits you.
* * * LOW HITPOINT WARNING * * *
You are splashed with acid!
The acid burns!
You die...

##.................#
#....<..#..........#
#.#######..........##
#.#.....'............
#.#.##.##...........#
#.#.##.###+#'#...#...
#.#...>..........#...
#.#.S......#####.#...
#...sJ.##.........##.
###.##.##.#####....#.
#....##.....#'#..#.
#########..........
#.........# ######
#.......... #....#
###......[... #....#
#............ #....#
#...#######..


You could see a jelly and an adder.

Vanquished Creatures
  An ogre (D:4)
  2 howler monkeys (D:4)
  2 orc priests
  Crazy Yiuf (D:3)
  A bullfrog skeleton (D:4)
  An orc wizard (D:3)
  An iguana (D:4)
  3 worker ants (D:4)
  A hound zombie (D:4)
  4 adders
  An ooze (D:4)
  5 worms
  3 dart slugs
  2 leopard geckos
  6 orcs
  3 giant cockroaches
  4 hobgoblins
  A quokka (D:4)
  A ball python (D:3)
  5 bats
  5 frilled lizards
  2 goblins
  6 kobolds
  4 rats (D:1)
65 creatures vanquished.

Notes
Turn   | Place    | Note
-------+----------+-------------------------------------------
     0 | D:1      | dvd the Octopode Transmuter began the quest for the Orb.
     0 | D:1      | Reached XP level 1. HP: 13/13 MP: 3/3
   438 | D:1      | Reached XP level 2. HP: 13/18 MP: 5/5
   964 | D:2      | Reached XP level 3. HP: 12/23 MP: 6/6
  1277 | D:2      | Found a glowing golden altar of the Shining One.
  1751 | D:2      | Learned a level 3 spell: Spider Form
  2178 | D:2      | Reached skill level 1 in Stealth
  2588 | D:2      | Reached XP level 4. HP: 24/28 MP: 7/7
  2889 | D:3      | Found a hazy altar of Hepliaklqana.
  3415 | D:3      | Reached XP level 5. HP: 29/33 MP: 4/8
  3602 | D:3      | Found a runed door.
  3606 | D:3      | Noticed Crazy Yiuf
  3611 | D:3      | Killed Crazy Yiuf
  3943 | D:4      | Reached skill level 1 in Short Blades
  4142 | D:4      | Reached XP level 6. HP: 38/38 MP: 9/9
  4180 | D:4      | Reached skill level 4 in Unarmed Combat
  4924 | D:4      | Reached XP level 7. HP: 36/43 MP: 4/11
  4932 | D:4      | Found a shimmering altar of Xom.
  4944 | D:4      | Learned a level 4 spell: Ice Form
  5418 | D:5      | Entered Level 5 of the Dungeon
  5484 | D:4      | Splashed by a jelly's acid

Vault maps used:
D:1:      minmay_arrival_split_and_join, hangedman_abyss_or_decor_lesser_grid,
          nrook_uturn, minmay_pentomino_z4
D:2:      tso_altar, grunt_decor_resistance
D:3:      overflow_temple_1_default, uniq_crazy_yiuf_cottage
D:4:      kennysheep_little_box, kennysheep_generic_room_14
D:5:      minmay_temple_entry_glass, first_bread, portal_sewer_entry_d

Skill      XL: |  1  2  3  4  5  6 |
---------------+-------------------+-----
Stealth        | 1 2 3 |  3.6
Transmutations | 3 |  3.6
Short Blades   | 1 2 |  2.7
Unarmed Combat | 4 |  4.2
Dodging        | 3 |  3.3
Fighting       | |  1.6
Throwing       | |  0.7
Spellcasting   | |  2.8
Poison Magic   | |  0.7

Action                   |  1- 3 |  4- 6 |  7- 9 || total
-------------------------+-------+-------+-------++-------
Melee: Unarmed           |    78 |    27 |     2 ||   107
       Constrict         |    19 |    21 |     5 ||    45
       Tentacles         |    11 |    12 |     3 ||    26
       Kick              |     7 |    13 |       ||    20
       Punch             |     1 |     3 |       ||     4
       Dagger            |       |    63 |    19 ||    82
Throw: Tomahawk          |       |     3 |       ||     3
 Cast: Beastly Appendage |    11 |     7 |     1 ||    19
       Spider Form       |     1 |     4 |     2 ||     7
 Stab: Sleeping          |     4 |     5 |     2 ||    11
  Eat: Chunk             |     5 |     8 |     2 ||    15
Armor: Skin              |     8 |     5 |       ||    13
Dodge: Dodged            |    41 |    58 |    17 ||   116

Table legend:
 A = Spawn XP
 B = Non-spawn XP
 C = Spawn XP percentage of total XP
 D = Spawn monster count
 E = Non-spawn monster count
 F = Spawn count percentage of total count
 G = Total turns spent on level
                    A         B        C        D         E        F      G
               +---------+---------+-------+---------+---------+-------+---------
         Total |       0 |     740 |   0.0 |       0 |      65 |   0.0 |  5484
               +---------+---------+-------+---------+---------+-------+---------
           D:1 |       0 |      21 |   0.0 |       0 |      11 |   0.0 |   907
           D:2 |       0 |      63 |   0.0 |       0 |      15 |   0.0 |  1995
           D:3 |       0 |     162 |   0.0 |       0 |      18 |   0.0 |  1179
           D:4 |       0 |     491 |   0.0 |       0 |      20 |   0.0 |  1381
           D:5 |       0 |       3 |   0.0 |       0 |       1 |   0.0 |    22
               +---------+---------+-------+---------+---------+-------+---------
